cohdb
Replays
Latest Replays
All Replays
Popular Replays
Top Player Replays
Match Explorer
How It Works
Community
CoH3 Stats
Reddit
Sign in to upload your games and track your stats! →
Sign in with Steam
Match 42795371
Unlisted
Match 42795371
Overview
Messages
Build Orders
End
Selects Italian Combined Arms Battlegroup
Selects Bersaglieri Squad
Bersaglieri Squad
250 Light Carrier
Bersaglieri Squad
Construct Light Support Kompanie
Selects Bersaglieri Bolster
MG34 Team
Bersaglieri Squad
Fire Support Elements
2.5-tonne Medical Truck
Flakvierling Half-track
Pak 38 Mechanized Group
Combat Half-tracks
Selects Semovente da 75/18 Assault Gun
Selects Breda Model 30 Light Machine Guns
Construct Panzerarmee Kommand
Walking Stuka Rocket Launcher
Selects Strafing Run
Selects Artillery Cover
Semovente da 75/18 Assault Gun
Vehicle Survival Package
Emergency Repair Kits
Rapid Advance
Armored Reserves
Strafing Run
Strafing Run
Pabu in a bowl
Rambo
Bran
DrewP
0
0
Comments
sign in to comment!
No comments posted yet!